 Dungeon Crawl Stone Soup version 0.29-a0-330-g52719c12eb (webtiles) character file.

Game seed: 9159244957238892449

281 vineage the Skirmisher (level 6, 0/41 HPs)
             Began as a Gargoyle Fighter on May 25, 2022.
             Slain by an orc
             ... wielding a +0 club
              (5 damage)
             ... on level 4 of the Dungeon.
             The game lasted 00:04:29 (3428 turns).

vineage the Skirmisher (Gargoyle Fighter)           Turns: 3428, Time: 00:04:31

Health: 0/41       AC:  0    Str: 19 (22) XL:     6   Next: 27%
Magic:  6/6        EV: 17    Int:  7 (8)  God:
Gold:   123        SH:  0    Dex: 12 (14) Spells: 5/5 levels left

rFire   . . .      SeeInvis .   (weapon currently unavailable)
rCold   . . .      Faith    .   (shield currently unavailable)
rNeg    + . .      Spirit   .   (body armour currently unavailable)
rPois   ∞          Reflect  .   (helmet currently unavailable)
rElec   .          Harm     .   (cloak currently unavailable)
rCorr   .          Rampage  .   (gloves currently unavailable)
Will    .....                   (boots currently unavailable)
Stlth   +.........              (no amulet)
HPRegen 0.13/turn               (ring currently unavailable)
MPRegen 0.10/turn               (ring currently unavailable)

@: bat-form, flying, very quick
A: fast, flying, no casting, sickness immunity, AC +4, tiny, negative energy
resistance 1, (electricity resistance), torment resistance 1, petrification
resistance
a: no special abilities


You were on level 4 of the Dungeon.
You were a bat.
You visited 1 branch of the dungeon, and saw 4 of its levels.

You collected 123 gold pieces.

Inventory:

Hand Weapons
 a - a +0 flail (melded)
Armour
 b - a +0 scale mail (melded)
 c - a +0 buckler (melded)
 g - a +1 pair of boots (melded)
Scrolls
 f - a scroll of identify
 i - a scroll of amnesia
Potions
 h - a potion of ambrosia {unknown}
 j - a potion of degeneration
 l - a potion of flight {unknown}
 m - a potion of attraction {unknown}


   Skills:
 * Level 5.8 Fighting
 - Level 2.0 Maces & Flails
 + Level 4.6 Armour
 + Level 4.7 Shields


You had 5 spell levels left.
You didn't know any spells.
Your spell library contained the following spells:

 Spells                   Type           Power      Damage    Failure   Level
 Static Discharge         Conj/Air       0%         N/A       56%         2
 Dispel Undead            Necr           0%         3d6       99%         4
 Sticky Flame             Conj/Fire      0%         2d3       99%         4


Dungeon Overview and Level Annotations

Branches:
Dungeon (4/15)
 Temple: D:4-7

Altars:

Shops:
D:3 ?*(

Annotations:
D:4 Eustachio, Natasha


Innate Abilities, Weirdness & Mutations

You are a bat.
You are tiny and dextrous.
You move quickly.
You are flying.
Your equipment is almost entirely melded.
You are incapable of wielding weapons or throwing items.
You cannot cast spells.
You are immune to sickness and miasma.
((Your stone body is resilient. (AC +4)))
You are immune to poison.
You resist negative energy. (rN+)
((You are resistant to electric shocks. (rElec)))
You are resistant to unholy torment.
You are immune to petrification.


Message History

Eustachio blinks!
You feel much better. Natasha barely misses you.
You hit Natasha but do no damage. Natasha barely misses you.
You hit Natasha.
Natasha is lightly wounded.
Natasha barely misses you.
You hit Natasha.
Natasha is moderately wounded.
Natasha claws you! The orc completely misses you.
You hit Natasha but do no damage.
Natasha is moderately wounded.
The crimson imp disappears in a puff of smoke!
Natasha barely misses you.
You hit Natasha but do no damage.
Natasha is moderately wounded.
Eustachio gestures wildly while chanting.
Eustachio blinks!
The orc completely misses you. Natasha barely misses you.
You hit Natasha but do no damage.
Natasha is moderately wounded.
The orc misses you.
You hit Natasha but do no damage.
Natasha is moderately wounded.
Natasha misses you. The orc barely misses you.
Eustachio mumbles some strange words.
You hit Natasha but do no damage.
Natasha is moderately wounded.
Natasha completely misses you. The orc completely misses you.
Eustachio mumbles some strange words.
Eustachio blinks!
You hit Natasha.
Natasha is moderately wounded.
Natasha claws you! The orc hits you with a +0 club.
* * * LOW HITPOINT WARNING * * *
It was a potion of degeneration.
There was something very wrong with that liquid.
You feel weakened.
You feel dopey.
You feel clumsy. Natasha claws you.
* * * LOW HITPOINT WARNING * * *
The orc hits you with a +0 club.
You die...

..# ..# ..#
#.# .. #.#
....###/#
........###
..###...o.#
..#!#..##b#
..###.# #h#
...... #.#
.#.### #.#
#. #r# .
#r. .r. #..
.#.#


You could see Natasha, 2 river rats, an orc and a quokka (summoned).

Vanquished Creatures
  A black bear (D:4)
  A phantom (D:3)
  A hound (D:3)
  4 adders
  3 worms
  7 ball pythons
  4 endoplasms
  3 giant cockroaches
  4 goblins
  A hobgoblin (D:2)
  4 jackals (D:3)
  6 kobolds
  A quokka (D:3)
  3 bats
  3 frilled lizards
  2 rats (D:3)
48 creatures vanquished.

Vanquished Creatures (others)
  A hobgoblin (D:4)
1 creature vanquished.

Grand Total: 49 creatures vanquished

Notes
Turn   | Place    | Note
-------+----------+-------------------------------------------
     0 | D:1      | vineage the Gargoyle Fighter began the quest for the Orb.
     0 | D:1      | Reached XP level 1. HP: 14/14 MP: 1/1
   311 | D:1      | Reached XP level 2. HP: 19/19 MP: 2/2
   622 | D:1      | Found a faded altar of an unknown god.
   860 | D:2      | Reached XP level 3. HP: 24/24 MP: 3/3
   866 | D:2      | Reached skill level 4 in Fighting
  1394 | D:3      | Found Bissan's Weapon Shoppe.
  1487 | D:3      | Reached XP level 4. HP: 29/30 MP: 4/4
  1627 | D:3      | Found Xoytije's Magic Scroll Shop.
  1673 | D:3      | Found Gyuf Moud's Assorted Antiques.
  2466 | D:3      | Reached XP level 5. HP: 34/34 MP: 5/5
  2695 | D:4      | Noticed a phantom
  2706 | D:4      | Noticed Eustachio
  2723 | D:3      | Killed a phantom
  2724 | D:3      | Reached skill level 5 in Fighting
  3296 | D:4      | Noticed a black bear
  3302 | D:4      | Killed a black bear
  3303 | D:4      | Reached XP level 6. HP: 27/41 MP: 6/6
  3410 | D:4      | Noticed Natasha
  3428 | D:4      | Slain by an orc

Illustrated notes

Levels and vault maps discovered:
D:1:      saegor_arrival_miasma, layout_basic,
          hellmonk_ecumenical_altar_prayer_group
D:2:      layout_rooms
D:3:      layout_loops_ring, serial_shops, nicolae_shop_trees, shop,
          nicolae_shop_crystal, serial_co_window_serial,
          co_window_of_opportunity_a, co_window_of_opportunity_a,
          co_window_of_opportunity_a, co_window_corner_a, co_window_paths_a,
          co_window_unsneaky_path_e, co_window_of_opportunity_b,
          co_window_cross_2, co_window_of_opportunity_c, co_window_4corner_a,
          co_window_paths_d
D:4:      layout_loops_ring, serial_glass, glass_columns_b, glass_columns_a,
          feat_on_display, due_unseen_surprise, item_on_display_a,
          item_on_display_a, fountainhead, chequers_hall_statues_corner_a,
          uniq_eustachio, uniq_natasha

Skill      XL: |  1  2  3  4  5 |
---------------+----------------+-----
Fighting       | 4 5 |  5.8
Shields        | 4 |  4.7
Armour         | 4 |  4.6
Maces & Flails | |  2.0

Action                   |  1- 3 |  4- 6 || total
-------------------------+-------+-------++-------
Melee: Flail             |    89 |    95 ||   184
       Unarmed           |       |    12 ||    12
  Use: Scroll            |     7 |     1 ||     8
       Potion            |       |     4 ||     4
Armor: Scale mail        |    60 |    78 ||   138
Dodge: Dodged            |    44 |    66 ||   110
Block: Buckler           |    10 |    28 ||    38

Table legend: (Time is in decaauts)
 A = Elapsed time spent in this place.
 B = Non-inter-level travel time spent in this place.
 C = Inter-level travel time spent in this place.
 D = Time resting spent in this place.
 E = Time spent auto-exploring this place.
 F = Levels seen in this place.
 G = Mean time per level.
                   A        B        C        D        E       F      G
               +--------+--------+--------+--------+--------+-----+--------+
         Total |   3491 |   3322 |    169 |    563 |   2268 |   4 |  872.8 |
       Dungeon |   3491 |   3322 |    169 |    563 |   2268 |   4 |  872.8 |
               +--------+--------+--------+--------+--------+-----+--------+

Top non-repeatable levels by time:
     D:3: 1873 daAuts
     D:1: 866 daAuts
     D:2: 552 daAuts
     D:4: 200 daAuts
